 Dungeon Crawl Stone Soup version 0.29-a0-197-ge3fb4bd5a4 (webtiles) character file.

Game seed: 16498844437916786732

152 mopl the Sneak (level 5, 0/36 HPs)
             Began as an Octopode Delver on Feb 22, 2022.
             Slain by a goblin
             ... wielding a +1 dagger of venom
             ... led by Robin
              (4 damage)
             ... on level 4 of the Dungeon.
             The game lasted 00:02:18 (2229 turns).

mopl the Sneak (Octopode Delver)                    Turns: 2229, Time: 00:02:19

Health: 0/36       AC:  1    Str: 12    XL:     5   Next: 34%
Magic:  5/5        EV: 14    Int: 12    God:
Gold:   135        SH:  0    Dex: 15    Spells: 4/4 levels left

rFire   . . .      SeeInvis .   a - +0 falchion
rCold   . . .      Faith    .   (no shield)
rNeg    . . .      Spirit   .   (helmet restricted)
rPois   .          Reflect  .   (no amulet)
rElec   .          Harm     .   (no ring)
rCorr   .          Rampage  .   (no ring)
Will    .....                   (no ring)
Stlth   +++++.....              (no ring)
HPRegen 0.12/turn               (no ring)
MPRegen 0.09/turn               (no ring)
                                (no ring)
                                (no ring)

@: no status effects
A: almost no armour, amphibious, 8 rings, camouflage 1, gelatinous body 1,
(nimble swimmer 1), tentacles
a: no special abilities


You were on level 4 of the Dungeon.
You visited 1 branch of the dungeon, and saw 5 of its levels.

You collected 135 gold pieces.

Inventory:

Hand Weapons
 a - a +0 falchion (weapon)
 n - a +1 dagger of protection
Missiles
 m - 6 poisoned darts (quivered)
Wands
 f - a wand of digging (3)
Scrolls
 b - a scroll of fog
 c - 2 scrolls of magic mapping
 d - a scroll of fear
 j - a scroll of teleportation {unknown}
 k - 3 scrolls of blinking {unknown}
 l - a scroll of vulnerability {unknown}
Potions
 e - 3 potions of haste
 g - 3 potions of cancellation {unknown}
 h - a potion of lignification {unknown}
 i - a potion of might {unknown}


   Skills:
 + Level 3.5 Fighting
 * Level 3.5 Long Blades
 + Level 0.3 Throwing
 + Level 2.8 Dodging
 + Level 7.1 Stealth
 + Level 1.7 Evocations


You had 4 spell levels left.
You didn't know any spells.
Your spell library contained the following spells:

 Spells                   Type           Power      Damage    Failure   Level
 Corpse Rot               Necr/Air       0%         N/A       45%         2
 Scorch                   Fire           0%         2d5       45%         2
 Dispel Undead            Necr           0%         3d6       97%         4
 Flame Wave               Conj/Fire      0%         2d4       97%         4
 Death Channel            Necr           0%         N/A       100%        6
 Summon Cactus Giant      Summ           0%         N/A       100%        6


Dungeon Overview and Level Annotations

Branches:
Dungeon (5/15)
 Temple: D:4-7

Altars:


Innate Abilities, Weirdness & Mutations

You cannot wear most types of armour.
You are amphibious.
You can wear up to eight rings at the same time.
Your skin changes colour to match your surroundings (Stealth+).
Your rubbery body absorbs attacks. (AC +1, EV +1)
((You are camouflaged when in or above water. (Stealth+)))
You have tentacles for arms and can constrict up to eight enemies at once.


Message History

You kill the goblin!
The goblin misses you. The hobgoblin barely misses you.
You slash the goblin!
You kill the goblin!
The goblin unwields a +1 dagger of venom.
It stops dripping with poison.
The goblin wields a +0 hunting sling.
The goblin shoots a sling bullet.
The sling bullet closely misses you. The hobgoblin hits you.
The goblin hits you with a +0 club.
You slash the endoplasm!
You kill the endoplasm!
The goblin hits you with a +0 club. The hobgoblin closely misses you.
The hobgoblin hits you but does no damage. x2
You hit the hobgoblin but do no damage. Your grab misses the hobgoblin.
The goblin barely misses you. The hobgoblin misses you.
The goblin shoots a sling bullet.
The sling bullet misses you.
The sling bullet barely misses the hobgoblin.
The hobgoblin barely misses you. The hobgoblin hits you.
The hobgoblin closely misses you. The goblin hits you but does no damage.
You closely miss the hobgoblin. You grab the hobgoblin.
You constrict the hobgoblin. The hobgoblin closely misses you. x2
The goblin hits you with a +0 club. The hobgoblin barely misses you.
The goblin shoots a sling bullet.
The sling bullet hits you.
You are too injured to fight recklessly!
You are too injured to fight recklessly!
Unknown command.
You closely miss the hobgoblin. You grab the hobgoblin.
You constrict the hobgoblin, but do no damage.
You constrict the hobgoblin. The hobgoblin hits you. The hobgoblin misses you.
The goblin hits you with a +0 club.
* * * LOW HITPOINT WARNING * * *
The hobgoblin hits you.
* * * LOW HITPOINT WARNING * * *
The hobgoblin barely misses you. The hobgoblin closely misses you.
You barely miss the goblin. Your grab misses the goblin.
Your squeeze misses the goblin. You constrict the hobgoblin. x2
You kill the hobgoblin!
The goblin closely misses you.
The goblin unwields a +0 hunting sling.
The goblin wields a +1 dagger of venom.
It begins to drip with poison!
The goblin hits you with a +1 dagger of venom.
You die...

#.... #....
###....
#......
#/..)..
#......
#.....g##
+.....g@#
#.....†gg.#
#.....#####
#...## #..
#. #


You could see 2 hobgoblins and 2 goblins.

Vanquished Creatures
  Robin (D:3)
  4 gnolls (D:2)
  4 adders
  2 worms
  2 dart slugs
  4 ball pythons
  4 endoplasms
  2 giant cockroaches (D:1)
  11 hobgoblins
  A quokka (D:2)
  4 bats
  2 frilled lizards (D:2)
  11 goblins
  7 kobolds
  2 rats
61 creatures vanquished.

Notes
Turn   | Place    | Note
-------+----------+-------------------------------------------
     0 | D:5      | mopl the Octopode Delver began the quest for the Orb.
     0 | D:5      | Reached XP level 1. HP: 16/16 MP: 1/1
    21 | D:4      | Noticed a lemure
    21 | D:4      | Noticed a lemure
    74 | D:3      | Reached XP level 2. HP: 16/21 MP: 2/2
   239 | D:2      | Reached XP level 3. HP: 11/26 MP: 3/3
   242 | D:2      | Reached skill level 1 in Evocations
   627 | D:2      | Reached skill level 3 in Long Blades
   627 | D:2      | Reached skill level 7 in Stealth
   627 | D:2      | Reached XP level 4. HP: 27/31 MP: 4/4
   731 | D:1      | Found a faded altar of an unknown god.
  1773 | D:2      | Reached XP level 5. HP: 36/36 MP: 5/5
  1975 | D:4      | Noticed Robin
  1992 | D:3      | Killed Robin
  2229 | D:4      | Slain by a goblin

Illustrated notes

Levels and vault maps discovered:
D:1:      dpeg_arrival_tiny_i, layout_basic,
          shapermc_ecumenical_altar_notcrosses, nicolae_wormholes
D:2:      layout_loops_ring, minmay_tetromino_s4
D:3:      cheibrodos_helix_gallery, layout_loops_ring
D:4:      layout_basic, uniq_blork_the_orc, uniq_menkaure, uniq_robin,
          uniq_pikel
D:5:      minmay_angry_zag, layout_basic, gammafunk_temple_overflow_forgotten,
          minmay_temple_entry_wispy, uniq_ijyb, uniq_duvessa

Skill      XL: |  1  2  3 |
---------------+----------+-----
Evocations     | 1 |  1.7
Long Blades    | 3 |  3.5
Stealth        | 7 |  7.1
Fighting       | |  3.5
Throwing       | |  0.3
Dodging        | |  2.8

Action                   |  1- 3 |  4- 6 || total
-------------------------+-------+-------++-------
Melee: Falchion          |    38 |    82 ||   120
       Tentacles         |    10 |    10 ||    20
       Constrict         |     9 |    21 ||    30
       Punch             |       |     1 ||     1
 Stab: Sleeping          |     5 |    19 ||    24
Armor: Skin              |     4 |     8 ||    12
Dodge: Dodged            |    30 |    67 ||    97

Table legend: (Time is in decaauts)
 A = Elapsed time spent in this place.
 B = Non-inter-level travel time spent in this place.
 C = Inter-level travel time spent in this place.
 D = Time resting spent in this place.
 E = Time spent auto-exploring this place.
 F = Levels seen in this place.
 G = Mean time per level.
                   A        B        C        D        E       F      G
               +--------+--------+--------+--------+--------+-----+--------+
         Total |   2249 |   2192 |     57 |    622 |   1148 |   5 |  449.8 |
       Dungeon |   2249 |   2192 |     57 |    622 |   1148 |   5 |  449.8 |
               +--------+--------+--------+--------+--------+-----+--------+

Top non-repeatable levels by time:
     D:2: 1007 daAuts
     D:1: 816 daAuts
     D:3: 365 daAuts
     D:4: 39 daAuts
     D:5: 21 daAuts
